 Dungeon Crawl Stone Soup version 0.28.0-49-g6dfe1f597d (webtiles) character file.

Game seed: 1997510542853877082

13101 Atelerd the Thaumaturge (level 12, -3/70 HPs)
             Began as an Octopode Earth Elementalist on May 15, 2022.
             Was a Priest of Sif Muna.
             Slain by a six-headed hydra (13 damage)
             ... on level 11 of the Dungeon.
             The game lasted 00:23:13 (13387 turns).

Atelerd the Thaumaturge (OpEE)                     Turns: 13387, Time: 00:23:14

Health: -3/70      AC:  1    Str:  7    XL:     12   Next: 2%
Magic:  21/26      EV: 15    Int: 22    God:    Sif Muna [***...]
Gold:   400        SH:  5    Dex: 13    Spells: 7/32 levels left

rFire   . . .      SeeInvis +   v - +0 dagger (venom)
rCold   . . .      Faith    .   (no shield)
rNeg    . . .      Spirit   .   (helmet restricted)
rPois   .          Reflect  +   l - amulet of reflection
rElec   .          Harm     .   t - +4 ring of slaying
rCorr   .          Rampage  .   x - ring of see invisible
Will    .....                   (no ring)
Stlth   ++++......              (no ring)
HPRegen 0.21/turn               (no ring)
MPRegen 0.20/turn               (no ring)
                                (no ring)
                                (no ring)

@: swift, about to teleport, quick
A: almost no armour, amphibious, 8 rings, camouflage 1, gelatinous body 1,
(nimble swimmer 1), tentacles
a: Renounce Religion, Channel Magic, Forget Spell


You were on level 11 of the Dungeon.
You worshipped Sif Muna.
Sif Muna was most pleased with you.
You visited 2 branches of the dungeon, and saw 12 of its levels.
You also visited: Sewer.

You collected 706 gold pieces.
You spent 306 gold pieces at shops.

Inventory:

Hand Weapons
 e - a +0 dagger
 v - a +0 dagger of venom (weapon)
Missiles
 b - 118 stones
 h - 6 throwing nets
Jewellery
 c - an amulet of the acrobat
 j - a ring of resist corrosion
 l - an amulet of reflection (around mantle)
 r - an amulet of regeneration
 t - a +4 ring of slaying (left tentacle)
 x - a ring of see invisible (right tentacle)
 A - a ring of protection from cold
Wands
 u - a wand of digging (5)
 D - a wand of iceblast (8)
 E - a wand of polymorph (5)
 H - a wand of flame (21)
 K - a wand of mindburst (2)
 L - a wand of acid (5)
Scrolls
 a - 2 scrolls of teleportation
 d - a scroll of fog
 g - a scroll of fear {unknown}
 k - a scroll of holy word {unknown}
 m - 2 scrolls of noise
 p - 2 scrolls of immolation
 s - 2 scrolls of amnesia
 w - a scroll of enchant weapon
 y - 3 scrolls of vulnerability {unknown}
 B - 4 scrolls of identify
 C - 2 scrolls of enchant armour {unknown}
Potions
 f - a potion of brilliance
 i - 4 potions of magic {unknown}
 n - a potion of cancellation {unknown}
 o - a potion of flight {unknown}
 q - 3 potions of mutation {unknown}
 z - a potion of resistance {unknown}
 F - a potion of attraction {unknown}
 G - 2 potions of lignification {unknown}
 I - 12 potions of degeneration
 J - a potion of berserk rage
 M - a potion of curing
 N - a potion of haste


   Skills:
 - Level 2.1 Fighting
 - Level 3.4 Short Blades
 - Level 6.0 Dodging
 - Level 6.0 Stealth
 - Level 2.0 Shields
 - Level 0.5 Unarmed Combat
 + Level 10.8 Spellcasting
 - Level 3.0 Conjurations
 + Level 4.2 Transmutations
 + Level 3.3 Air Magic
 - Level 10.4 Earth Magic
 + Level 4.3 Invocations


You had 7 spell levels left.
You knew the following spells:

 Your Spells              Type           Power      Damage    Failure   Level
a - Sandblast             Erth           100%       2d20      1%          1
b - Swiftness             Air            26%        N/A       4%          3
c - Orb of Destruction    Conj           12%        9d7       100%        7
d - Airstrike             Air            13%        N/A       14%         4
p - Petrify               Tmut/Erth      44%        N/A       2%          4
s - Statue Form           Tmut/Erth      29%        N/A       38%         6

Your spell library contained the following spells:

 Spells                   Type           Power      Damage    Failure   Level
 Shock                    Conj/Air       100%       1d9       1%          1
 Passwall                 Tmut/Erth      36%        N/A       1%          2
 Stone Arrow              Conj/Erth      82%        3d12      1%          3
 Apportation              Tloc           22%        N/A       5%          1
 Dazzling Flash           Conj/Hex       36%        N/A       9%          3
 Gell's Gravitas          Tloc           11%        N/A       17%         3
 Lesser Beckoning         Tloc           11%        N/A       17%         3
 Summon Guardian Golem    Hex/Summ       11%        N/A       17%         3
 Teleport Other           Tloc           11%        N/A       17%         3
 Alistair's Intoxication  Tmut/Pois      14%        N/A       54%         5
 Silence                  Hex/Air        9%         N/A       61%         5
 Agony                    Necr           11%        N/A       83%         5
 Metabolic Englaciation   Hex/Ice        5%         N/A       83%         5
 Spellforged Servitor     Conj/Summ      9%         N/A       100%        7


Dungeon Overview and Level Annotations

Branches:
Dungeon (11/15)            Temple (1/1) D:4            Lair (0/6) D:10
    Orc (0/2) D:11          Sewer (visited)

Altars:
Ashenzari
Cheibriados
Dithmenos
Elyvilon
Fedhas
Gozag
Hepliaklqana
Kikubaaqudgha
Makhleb
Nemelex Xobeh
Okawaru
Qazlal
Ru
Sif Muna
Trog
Uskayaw
Vehumet
Wu Jian
Xom
Yredelemnul
Zin
The Shining One

Shops:
D:2 =   D:7 ?*(   D:8 [   D:10 *

Annotations:
D:1 exclusion: downstairs
D:5 2 transporters, 101zpm's ghost, novice DjFE
D:10 exclusion: downstairs
D:11 Grum


Innate Abilities, Weirdness & Mutations

You cannot wear most types of armour.
You are amphibious.
You can wear up to eight rings at the same time.
Your skin changes colour to match your surroundings (Stealth+).
Your rubbery body absorbs attacks. (AC +1, EV +1)
((You are camouflaged when in or above water. (Stealth+)))
You have tentacles for arms and can constrict up to eight enemies at once.


Message History

I - 11 potions of degeneration (gained 1)
I - 12 potions of degeneration (gained 1)
You now have 400 gold pieces (gained 16).
There is an open door here.
You see here a +0 animal skin.
Items here: ))) [ ÷÷.
Items here: )) [ ÷÷.
Items here: )))))) [[[[[ ÷÷÷÷.
Things that are here:
a +0 club; an orc skeleton A six-headed hydra comes into view.
There is an open door here.
A six-headed hydra is nearby!
A six-headed hydra is nearby!
Casting: Sandblast (safe; 1% risk of failure)
Confirm with . or Enter, or press ? or * to list all spells.
Aiming: Petrify (dangerous; 2% risk of failure)
Press: ? - help, Shift-Dir - straight line, f - six-headed hydra
Aim: a six-headed hydra (asleep, chance to affect: 33%)
The six-headed hydra easily resists.
Unknown command.
Aiming: Iceblast
Press: ? - help, Shift-Dir - straight line, f/p - six-headed hydra
Aim: a six-headed hydra The mass of ice explodes!
The iceblast engulfs the six-headed hydra!
The six-headed hydra is lightly wounded.
The six-headed hydra misses you. The six-headed hydra bites you. x2
The six-headed hydra barely misses you. The six-headed hydra bites you! x2
Casting: Petrify (dangerous; 2% risk of failure)
Confirm with . or Enter, or press ? or * to list all spells.
You feel quick.
As you read the scroll of teleportation, it crumbles to dust.
You feel strangely unstable. The six-headed hydra bites you!
* * * LOW HITPOINT WARNING * * *
The six-headed hydra bites you!
* * * LOW HITPOINT WARNING * * *
The six-headed hydra bites you!
You die...

#### #.@# ## #D.# #. ### #..# #.
#.###..###############.
###########...................)))
........................######^#.
........................# #.#.
.########...............# #.#.
.#......#...............# #.##


You could see a six-headed hydra.

Vanquished Creatures
  Snorg (D:10)
  Harold (D:9)
  A centaur warrior (D:8)
  3 two-headed ogres
  A tengu warrior (D:8)
  A deep elf pyromancer (D:8)
  A necromancer (D:9)
  Pikel (D:5)
  A water nymph (shapeshifter) (D:8)
  An unseen horror (D:11)
  2 hornets
  A shadow (D:9)
  3 wyverns
  4 yaks
  7 vampire mosquitoes
  A steam dragon (D:7)
  A swamp drake (D:11)
  2 sky beasts
  Pargi (Sewer)
  3 orc warriors
  A necrophage (D:5)
  2 black bears
  4 ogres
  3 wolves
  4 centaurs
  A phantom (D:7)
  A kobold brigand (D:9)
  2 bullfrogs (D:7)
  3 scorpions
  A water moccasin zombie (D:7)
  4 wights
  6 howler monkeys
  3 centaur zombies
  7 jellies
  3 hounds
  A centaur skeleton (D:7)
  6 orc priests
  4 iguanas
  Terence (D:3)
  12 orc wizards
  6 polar bear simulacra (D:9)
  2 yak simulacra (D:9)
  2 wolf simulacra (D:9)
  9 adders
  3 gnolls
  A white imp (D:3)
  An ufetubus (D:4)
  A worm (D:3)
  A dart slug (D:4)
  26 orcs
  7 ball pythons
  6 endoplasms
  2 giant cockroaches
  5 goblins
  2 hobgoblins
  2 jackals (D:1)
  14 kobolds
  5 quokkas
  8 bats
  3 frilled lizards
  3 rats
  A river rat simulacrum (D:9)
216 creatures vanquished.

Vanquished Creatures (others)
  An orc warrior (D:11)
1 creature vanquished.

Grand Total: 217 creatures vanquished

Notes
Turn   | Place    | Note
-------+----------+-------------------------------------------
     0 | D:1      | Atelerd the Octopode Earth Elementalist began the quest for
                  | the Orb.
     0 | D:1      | Reached XP level 1. HP: 11/11 MP: 3/3
   147 | D:1      | Reached XP level 2. HP: 12/17 MP: 1/5
  1067 | D:2      | Reached XP level 3. HP: 22/22 MP: 6/6
  1111 | D:2      | Found Zolixtu's Jewellery Boutique.
  1270 | D:3      | Reached XP level 4. HP: 5/27 MP: 0/7
  1546 | D:3      | Noticed Terence
  1571 | D:3      | Found a glowing drain.
  1584 | Sewer    | Entered a sewer
  1592 | Sewer    | Noticed Pargi
  1606 | Sewer    | Killed Pargi
  1607 | Sewer    | Reached XP level 5. HP: 28/32 MP: 4/10
  1848 | Sewer    | Learned a level 4 spell: Petrify
  1860 | D:3      | Killed Terence
  1861 | D:3      | Reached skill level 5 in Earth Magic
  2132 | D:3      | Reached XP level 6. HP: 37/37 MP: 9/11
  2218 | D:3      | Noticed an eye of devastation
  2237 | D:3      | Found a faded altar of an unknown god.
  2239 | D:3      | Noticed a great orb of eyes
  2239 | D:3      | Noticed a shining eye
  2239 | D:3      | Noticed an eye of devastation
  2802 | D:4      | Identified the +7 scale mail "Foabbaxt" {Will+ Int+2}
  2872 | D:4      | Found a staircase to the Ecumenical Temple.
  2897 | D:4      | Reached skill level 1 in Short Blades
  2904 | Temple   | Entered the Ecumenical Temple
  3051 | Temple   | Became a worshipper of Sif Muna the Loreminder
  3147 | D:4      | Reached XP level 7. HP: 42/42 MP: 10/13
  3271 | D:5      | Entered Level 5 of the Dungeon
  3668 | D:5      | Found a transporter.
  3673 | D:5      | Noticed 101zpm's ghost (novice DjFE)
  3686 | D:5      | Reached skill level 5 in Spellcasting
  3751 | D:5      | Reached XP level 8. HP: 47/47 MP: 12/16
  3838 | D:5      | Found a transporter.
  3848 | D:5      | Noticed a kobold demonologist
  3884 | D:5      | Found a stormy altar of Qazlal.
  3887 | D:5      | Noticed Pikel
  3925 | D:5      | Killed Pikel
  3926 | D:5      | Reached skill level 1 in Fighting
  4543 | D:6      | Reached * piety under Sif Muna
  4580 | D:6      | Reached XP level 9. HP: 40/53 MP: 2/19
  4883 | D:6      | Noticed a two-headed ogre
  4896 | D:6      | Killed a two-headed ogre
  5860 | D:7      | Found Loulana's Assorted Antiques.
  5881 | D:7      | Bought a scroll labelled BABUIDGH ASUCSU for 28 gold pieces
  5881 | D:7      | Bought a sedimented silvery potion for 25 gold pieces
  5994 | D:7      | Found Tythoec's Magic Scroll Shoppe.
  6008 | D:7      | Reached XP level 10. HP: 33/59 MP: 17/22
  6096 | D:7      | Bought a scroll of blinking for 97 gold pieces
  6096 | D:7      | Bought a scroll of identify for 26 gold pieces
  6096 | D:7      | Bought a scroll of identify for 26 gold pieces
  6180 | D:7      | Found Jatseamp's Weapon Shop.
  7054 | D:8      | Reached skill level 10 in Earth Magic
  7176 | D:8      | Reached ** piety under Sif Muna
  7295 | D:8      | Paralysed by a hornet for 3 turns
  7523 | D:8      | Noticed a two-headed ogre
  7535 | D:8      | Killed a two-headed ogre
  7779 | D:8      | Found Yciegage's Antique Armour Shop.
  8109 | D:8      | Noticed a centaur warrior
  8120 | D:8      | Killed a centaur warrior
  8121 | D:8      | Reached skill level 1 in Invocations
  8131 | D:8      | Noticed a deep elf pyromancer
  8607 | D:8      | Noticed a boulder beetle
  8613 | D:8      | Noticed a faun
  8615 | D:8      | Noticed a centaur warrior
  8633 | D:8      | Killed a deep elf pyromancer
  8763 | D:8      | Learned a level 3 spell: Swiftness
  8771 | D:8      | Learned a level 7 spell: Orb of Destruction
  8776 | D:8      | Noticed a tengu warrior
  8788 | D:8      | Killed a tengu warrior
  8789 | D:8      | Reached skill level 1 in Conjurations
  8789 | D:8      | Reached skill level 1 in Air Magic
  8789 | D:8      | Reached XP level 11. HP: 64/64 MP: 21/24
  8854 | D:8      | Reached skill level 5 in Stealth
  9003 | D:9      | Noticed a necromancer
  9312 | D:9      | Reached skill level 1 in Shields
  9622 | D:9      | Noticed Harold
  9634 | D:9      | Killed Harold
  9843 | D:9      | Killed a necromancer
 10805 | D:10     | Entered Level 10 of the Dungeon
 10884 | D:10     | Reached skill level 10 in Spellcasting
 10971 | D:10     | Noticed a two-headed ogre
 10977 | D:10     | Noticed a two-headed ogre
 11112 | D:10     | Learned a level 6 spell: Statue Form
 11197 | D:10     | Found Vaon's Assorted Antiques.
 11239 | D:10     | Bought a scroll labelled BABUIDGH ASUCSU for 26 gold pieces
 11239 | D:10     | Bought a potion of curing for 78 gold pieces
 11487 | D:10     | Noticed Snorg
 11524 | D:10     | Killed Snorg
 11525 | D:10     | Reached skill level 5 in Dodging
 12029 | D:10     | Found a staircase to the Lair.
 12354 | D:11     | Noticed Grum
 12545 | D:11     | Noticed a two-headed ogre
 12558 | D:11     | Killed a two-headed ogre
 12775 | D:11     | Learned a level 4 spell: Airstrike
 13127 | D:11     | Reached XP level 12. HP: 63/70 MP: 15/26
 13155 | D:11     | Found a staircase to the Orcish Mines.
 13262 | D:11     | Reached *** piety under Sif Muna
 13373 | D:11     | Noticed a six-headed hydra
 13387 | D:11     | Slain by a six-headed hydra

Illustrated notes

Levels and vault maps discovered:
D:1:      wander_arrival_desolate, layout_rooms
D:2:      layout_rooms, serial_shops, nicolae_diamond_shop
D:3:      layout_basic, portal_sewer_entry_d,
          hellmonk_ecumenical_altar_watching_god, minmay_close_crescents,
          uniq_terence
D:4:      layout_basic, minmay_temple_entry_waves
D:5:      layout_gridville, nicolae_qazlal_general_emergency,
          gammafunk_ghost_arena, chequers_serial_rivers_small_a,
          corner_web_ring, minivault_14, uniq_pikel
D:6:      minmay_cornered_nines, layout_cave_pods, minmay_bent
D:7:      layout_loops_ring, serial_shops, nicolae_shop_statue_plus, shop,
          nicolae_shop_bloodbath_and_beyond, kennysheep_generic_room_11
D:8:      layout_basic, nicolae_stop_n_shop_2, minmay_evil_grid
D:9:      layout_grid_maze, eino_house_with_fridge, uniq_harold
D:10:     layout_stronghold, lair_entry_dummy, serial_shops,
          nicolae_shop_statue_plus, onia_ninara_dug_in_and_dangerous, uniq_snorg
D:11:     layout_irregular_city, erik_orc_1, uniq_grum
Temple:   nicolae_temple_the_god_donut

Skill      XL: |  1  2  3  4  5  6  7  8  9 10 11 |
---------------+----------------------------------+-----
Earth Magic    | 4 5 7 8 9 10 | 10.4
Spellcasting   | 3 4 5 6 8 9 10 | 10.8
Short Blades   | 1 2 3 |  3.4
Fighting       | 1 2 |  2.1
Transmutations | 2 4 |  4.2
Stealth        | 4 6 |  6.0
Invocations    | 2 4 |  4.3
Dodging        | 3 6 |  6.0
Conjurations   | 1 3 |  3.0
Air Magic      | 1 3 |  3.3
Shields        | 2 |  2.0
Unarmed Combat | |  0.5

Action                   |  1- 3 |  4- 6 |  7- 9 | 10-12 || total
-------------------------+-------+-------+-------+-------++-------
Melee: Unarmed           |    22 |       |       |       ||    22
       Tentacles         |     7 |    15 |    22 |    33 ||    77
       Constrict         |     6 |    12 |    11 |    15 ||    44
       Dagger            |     4 |    48 |    59 |   108 ||   219
       Punch             |       |       |     2 |     3 ||     5
 Cast: Sandblast         |    28 |    48 |    69 |   122 ||   267
       Petrify           |       |     2 |    25 |    50 ||    77
       Airstrike         |       |       |       |     2 ||     2
       Swiftness         |       |       |       |     2 ||     2
Evoke: Wand              |       |       |       |     3 ||     3
  Use: Scroll            |       |     2 |     4 |     8 ||    14
       Potion            |       |       |       |     9 ||     9
 Stab: Sleeping          |     4 |     2 |     4 |     3 ||    13
       Petrified         |       |    13 |    34 |    61 ||   108
       Petrifying        |       |       |       |     3 ||     3
       Distracted        |       |       |       |     1 ||     1
       Confused          |       |       |       |     1 ||     1
Armor: Skin              |     6 |     4 |     1 |     3 ||    14
Dodge: Dodged            |    31 |    34 |    19 |    62 ||   146
Block: Other             |       |     2 |    17 |    29 ||    48
       Reflection        |       |     1 |     3 |     3 ||     7
